 Dungeon Crawl Stone Soup version 0.23-a0-641-g0a7f1ce553 (webtiles) character file.

4 HereIgoKillingAgain the Sneak (level 1, -2/9 HPs)
             Began as a Spriggan Enchanter on Dec 30, 2018.
             Engulfed by a cloud of steam (5 damage)
             ... on level 1 of the Dungeon.
             The game lasted 00:00:27 (692 turns).

HereIgoKillingAgain the Sneak (Spriggan Enchanter)   Turns: 692, Time: 00:00:27

Health: -2/9       AC:  2    Str:  4    XL:     1   Next: 58%
Magic:  5/5        EV: 18    Int: 16    God:
Gold:   24         SH:  0    Dex: 16    Spells: 4/5 levels left

rFire    . . .     SeeInvis +   a - +1 dagger
rCold    . . .     Gourm    .   (shield restricted)
rNeg     . . .     Faith    .   b - +0 robe
rPois    .         Spirit   .   (helmet restricted)
rElec    .         Reflect  .   (no cloak)
rCorr    .         Harm     .   (gloves unavailable)
MR       .....                  (boots unavailable)
Stlth    +++.......             (no amulet)
HPRegen  0.03/turn              (no ring)
MPRegen  0.09/turn              (no ring)

@: very quick
A: very small, unfitting armour, see invisible, herbivore, speed 3, slow
metabolism 2
a: no special abilities


You were on level 1 of the Dungeon.
You were not hungry.

You visited 1 branch of the dungeon, and saw 1 of its levels.

You collected 24 gold pieces.

Inventory:

Hand Weapons
 a - a +1 dagger (weapon)
Armour
 b - a +0 robe (worn)
Jewellery
 g - an uncursed ring of positive energy {unknown}
Scrolls
 e - a scroll of teleportation {unknown}
 h - a scroll of fear {unknown}
 i - a scroll of identify {unknown}
 j - a scroll of enchant armour {unknown}
Potions
 c - a potion of brilliance {unknown}
 f - a potion of berserk rage {unknown}
Comestibles
 d - a ration


   Skills:
 - Level 1.1 Short Blades
 + Level 3.1 Dodging
 + Level 4.5 Stealth
 + Level 2.8 Spellcasting
 * Level 3.8 Hexes


You had 4 spell levels left.
You knew the following spells:

 Your Spells              Type           Power        Failure   Level  Hunger
a - Corona                Hex            ##.....      4%          1    #......

Your spell library contained the following spells:

 Spells                   Type           Power        Failure   Level  Hunger
 Confuse                  Hex            ##......     12%         3    ###....
 Tukima's Dance           Hex            ##......     12%         3    ###....
 Ensorcelled Hibernation  Hex/Ice        #.....       13%         2    ##.....
 Dazzling Spray           Conj/Hex       #.....       26%         3    ###....


Dungeon Overview and Level Annotations

Branches:
Dungeon (1/15)

Altars:


Innate Abilities, Weirdness & Mutations

You are very small and have problems with some larger weapons.
You are too small for most types of armour.
You have supernaturally acute eyesight. (SInv)
You are a herbivore.
You cover ground extremely quickly.
You need to consume almost no food.


Message History

You barely miss the goblin.
The goblin hits you with a cursed +0 club.
You closely miss the goblin. The goblin completely misses you.
You closely miss the goblin.
The kobold shouts!
The kobold throws a stone.
The stone closely misses you.
A goblin is nearby!
A goblin is nearby!
Really walk into that teleport trap?
You enter a teleport trap!
The teleport trap disappears.
Your surroundings suddenly seem different.
You start resting.
HP restored.
You start waiting.
You're standing in a cloud of steam!
You are engulfed in a cloud of scalding steam.
Ouch! That really hurt!
You are engulfed in a cloud of scalding steam.
Ouch! That really hurt!
You die...

#### #..#
##§§#
#@§§# ###
#§§§##≈≈
##§§§#≈#
#.§§§≈≈#
#.§≈≈### #
#...≈#
######
#....#
#.....
#....#
#..##.
##...#####
###...#.


There were no monsters in sight!

Vanquished Creatures
  A hobgoblin (D:1)
  A goblin (D:1)
  A kobold (D:1)
  3 rats (D:1)
6 creatures vanquished.

Notes
Turn   | Place    | Note
-------+----------+-------------------------------------------
     0 | D:1      | HereIgoKillingAgain the Spriggan Enchanter began the quest
                  | for the Orb.
     0 | D:1      | Reached XP level 1. HP: 9/9 MP: 5/5
   692 | D:1      | Engulfed by a cloud of steam

Vault maps used:
D:1:      scummos_arrival_simple_fountains, lemuel_another_geyser

Action                   || total
-------------------------++-------
Melee: Dagger            ||    16
 Stab: Sleeping          ||     3
Dodge: Dodged            ||     5

Table legend:
 A = Non-vault XP
 B = Vault XP
 C = Vault XP percentage of total XP
 D = Non-vault monster count
 E = Vault monster count
 F = Vault count percentage of total count
                 A         B        C        D         E       F
            +---------+---------+-------+---------+---------+-------
      Total |       7 |       0 |   0.0 |       6 |       0 |   0.0
            +---------+---------+-------+---------+---------+-------
        D:1 |       7 |       0 |   0.0 |       6 |       0 |   0.0
            +---------+---------+-------+---------+---------+-------
